 Dungeon Crawl Stone Soup version 0.16-a0-51-g3cd7026 (webtiles) character file.

2865 aredel the Fighter (level 9, 0/62 HPs)
             Began as a Gargoyle Fighter on Aug 6, 2014.
             Was a Priest of Okawaru.
             Slain by a blink frog (8 damage)
             ... on Level 1 of the Lair of Beasts.
             The game lasted 00:59:37 (7081 turns).

aredel the Fighter (Gargoyle Fighter)               Turns: 7081, Time: 00:59:37

HP   0/62        AC 25     Str 23      XL: 9   Next: 75%
MP  18/18        EV  5     Int  9      God: Okawaru [***...]
Gold 515         SH 10     Dex  9      Spells:  0 memorised,  8 levels left

rFire  + . .     SeeInvis .     S - +0 flail
rCold  x . .     Clarity  .     i - +0 plate armour
rNeg   + . .     rCorr    .     G - +0 shield
rPois  +         rRot     +     P - +0 helmet
rElec  +         Spirit   .     L - +0 cloak (curse)
SustAb .         Warding  .     J - +0 pair of gloves
rMut   .         Stasis   .     O - +1 pair of boots
Gourm  .                        a - amulet of faith
MR     .....                    k - ring of magical power
                                A - ring of fire

@: not resistant to hostile enchantments, extremely unstealthy
A: negative energy resistance 1, electricity resistance, unbreathing,
petrification resistance, rot immunity, AC +5
a: Heroism, Renounce Religion


You were on level 1 of the Lair of Beasts.
You worshipped Okawaru.
Okawaru was most pleased with you.
You were hungry.

You visited 3 branches of the dungeon, and saw 10 of its levels.

You collected 515 gold pieces.

Inventory:

Hand weapons
 q - a +0 hunting sling
 S - a +0 flail (weapon)
Missiles
 h - 30 sling bullets
 j - 125 stones (quivered)
 w - 5 silver javelins
Armour
 i - a +0 plate armour (worn)
 G - a +0 shield (worn)
 J - a +0 pair of gloves (worn)
 L - a cursed +0 cloak (worn)
 O - a +1 pair of boots (worn)
 P - a +0 helmet (worn)
Magical devices
 b - a wand of digging (12) {unknown}
 Q - a wand of disintegration (21)
 R - a wand of frost (0)
Comestibles
 d - 3 bread rations
 l - 3 chunks of giant frog flesh
Scrolls
 c - a scroll of random uselessness {unknown}
 e - a scroll of blinking {unknown}
 f - a scroll of enchant armour {unknown}
 g - 2 scrolls of identify
 x - 2 scrolls of teleportation
 I - 4 scrolls of remove curse {unknown}
 T - 4 scrolls of immolation {unknown}
Jewellery
 a - an amulet of faith (around neck)
 k - a ring of magical power (right hand)
 m - an uncursed ring of ice {unknown}
 A - a ring of fire (left hand)
Potions
 z - 2 potions of cancellation
 C - 2 potions of curing
Rods
 Z - a +0 rod of ignition (13/13)
   (You took it off a wight on level 8 of the Dungeon)


   Skills:
 * Level 9.7 Fighting
 + Level 6.2 Maces & Flails
 + Level 7.2 Armour
 + Level 7.0 Shields


You had 8 spell levels left.
You didn't know any spells.

Dungeon Overview and Level Annotations

Branches:
Dungeon (8/15)             Temple (1/1) D:5            Lair (1/8) D:8

Altars:
Cheibriados
Dithmenos
Elyvilon
Makhleb
Nemelex Xobeh
Okawaru
Qazlal
Sif Muna
Vehumet
Xom
Yredelemnul
Zin
The Shining One

Annotations:
D:2 Sigmund
D:7 Poody's ghost, experienced FoFi


Innate Abilities, Weirdness & Mutations

You are resistant to torment.
You are immune to poison.
Your stone body is very resilient (AC +5).
You resist negative energy.
You are resistant to electric shocks.
You can survive without breathing.
You are immune to petrification.
You are immune to rotting.


Message History

The blink frog barely misses you. The blink frog hits you.
* * * LOW HITPOINT WARNING * * *
The blink frog hits you but does no damage.
The blink frog momentarily phases out as your attack passes through it.
The blink frog is severely wounded.
You block the blink frog's attack. The blink frog hits you.
* * * LOW HITPOINT WARNING * * *
You block the blink frog's attack.
You closely miss the blink frog.
The blink frog is severely wounded.
The blink frog hits you but does no damage. x3
You closely miss the blink frog.
The blink frog is severely wounded.
The blink frog hits you but does no damage.
You block the blink frog's attack. x2
The blink frog hits you but does no damage.
You miss the blink frog.
The blink frog is severely wounded.
The blink frog hits you!
You die...

#........ #........
.#.###.+# ## ###.## ... .
#...## #### ##.
###.#..#+###.# ####..#
####....#........
........###)P..............
#...F@................
#.####F......#........ #
##.....#.........
#...####........ #####
#......... #########. #.
###. ## #(..


You could see 2 blink frogs.

Vanquished Creatures
  2 blink frogs (Lair:1)
  A steam dragon (D:8)
  A hippogriff (D:8)
  A hungry ghost (D:8)
  An ogre (D:4)
  A necrophage (D:6)
  A phantom (D:5)
  A sky beast (D:5)
  An orc warrior (D:8)
  2 ice beasts (D:5)
  A centaur (D:6)
  4 giant frogs
  A hippogriff zombie (D:6)
  4 wights (D:8)
  2 crimson imps
  2 jellies
  2 hounds
  An orc priest (D:5)
  2 iguanas
  3 orc wizards (D:8)
  Natasha (thrice) (D:5)
  8 worker ants
  A big kobold skeleton (D:8)
  An ogre skeleton (D:4)
  Terence (D:3)
  5 gnolls
  2 worms
  14 adders
  A giant mite (D:4)
  9 giant geckos
  3 oozes
  19 orcs
  16 bats
  7 giant cockroaches
  8 goblins
  12 hobgoblins
  3 jackals (D:5)
  10 kobolds
  3 quokkas
  2 giant newts
  A quokka skeleton (D:5)
  17 rats
  A rat skeleton (D:4)
  2 plants
183 creatures vanquished.

Notes
Turn   | Place    | Note
--------------------------------------------------------------
     0 | D:1      | aredel, the Gargoyle Fighter, began the quest for the Orb.
     0 | D:1      | Reached XP level 1. HP: 14/14 MP: 1/1
    80 | D:1      | Reached XP level 2. HP: 14/19 MP: 2/2
   627 | D:1      | Reached XP level 3. HP: 14/24 MP: 3/3
  1019 | D:2      | Reached skill level 4 in Fighting
  1086 | D:2      | Reached XP level 4. HP: 26/29 MP: 4/4
  1346 | D:2      | Noticed Sigmund
  1928 | D:2      | Found a stormy altar of Qazlal.
  2140 | D:4      | Noticed an ogre
  2186 | D:3      | Reached XP level 5. HP: 28/34 MP: 5/5
  2712 | D:5      | Entered Level 5 of the Dungeon
  2896 | D:5      | Reached skill level 5 in Fighting
  2904 | D:5      | Reached XP level 6. HP: 16/40 MP: 6/6
  3008 | D:5      | Noticed a sky beast
  3009 | D:5      | Noticed a phantom
  3049 | D:5      | Killed a sky beast
  3351 | D:5      | Found a staircase to the Ecumenical Temple.
  3363 | D:5      | Noticed an ice beast
  3373 | D:5      | Killed an ice beast
  3373 | D:5      | Reached XP level 7. HP: 26/45 MP: 7/7
  3375 | D:5      | Noticed an ice beast
  3384 | D:5      | Killed an ice beast
  3384 | D:5      | Reached skill level 6 in Fighting
  3393 | D:5      | Found a shadowy altar of Dithmenos.
  3478 | Temple   | Entered the Ecumenical Temple
  3492 | Temple   | Became a worshipper of Warmaster Okawaru
  3577 | D:5      | Noticed Natasha
  3590 | D:5      | Killed Natasha
  3596 | D:5      | Noticed Natasha
  3600 | D:5      | Killed Natasha
  3757 | D:6      | Reached skill level 5 in Armour
  3891 | D:6      | Found a glowing silver altar of Zin.
  3922 | D:6      | Reached skill level 5 in Shields
  3964 | D:6      | Found a sparkling altar of Nemelex Xobeh.
  4011 | D:6      | Reached XP level 8. HP: 45/52 MP: 8/8
  4080 | D:6      | Reached skill level 7 in Fighting
  4262 | D:6      | Acquired Okawaru's first power
  4407 | D:5      | Noticed Natasha
  4412 | D:5      | Killed Natasha
  4484 | D:5      | Killed a phantom
  4648 | D:4      | Noticed an ogre
  4689 | D:4      | Killed an ogre
  4689 | D:4      | Reached skill level 5 in Maces & Flails
  4845 | D:4      | Found a burning altar of Makhleb.
  4846 | D:4      | Found a radiant altar of Vehumet.
  5225 | D:3      | Noticed Terence
  5239 | D:3      | Killed Terence
  5759 | D:7      | Noticed Poody's ghost (experienced FoFi)
  5841 | D:8      | Reached skill level 8 in Fighting
  6023 | D:8      | Reached XP level 9. HP: 46/60 MP: 9/9
  6684 | D:8      | Found a staircase to the Lair.
  6729 | D:8      | Reached skill level 9 in Fighting
  6774 | Lair:1   | Entered Level 1 of the Lair of Beasts
  6819 | Lair:1   | Identified a +0 rod of ignition (13/13) (You took it off a wight on level 8 of the Dungeon)
  7081 | Lair:1   | Slain by a blink frog

Action                   |  1- 3 |  4- 6 |  7- 9 || total
-------------------------+-------+-------+-------++-------
Melee: Flail             |   113 |   290 |   577 ||   980
 Fire: Hunting sling     |       |       |    10 ||    10
Throw: Stone             |       |     1 |       ||     1
Evoke: Wand              |       |       |     1 ||     1
       Rod               |       |       |     1 ||     1
  Use: Scroll            |       |       |     8 ||     8
       Potion            |       |       |     1 ||     1
  Eat: Chunk             |     1 |     7 |    12 ||    20
       Fruit             |       |     1 |       ||     1
       Pizza             |       |       |     1 ||     1
